 Dungeon Crawl Stone Soup version 0.19.4-8-ga85b6b9 (webtiles) character file.

102 Kosschaser the Sneak (level 4, -1/23 HPs)
             Began as a Vine Stalker Assassin on Feb 12, 2017.
             Killed by divine providence
             ... invoked by an orc priest
              (9 damage)
             ... on level 3 of the Dungeon.
             The game lasted 00:12:40 (2054 turns).

Kosschaser the Sneak (Vine Stalker Assassin)        Turns: 2054, Time: 00:12:40

Health: -1/23      AC:  3    Str: 14    XL:     4   Next: 78%
Magic:  0/5        EV: 12    Int: 11    God:
Gold:   157        SH:  0    Dex: 16    Spells: 0 memorised, 3 levels left

rFire  . . .     SeeInvis .     b - +0 blowgun
rCold  . . .     Gourm    .     c - +0 robe
rNeg   . . .     Faith    .     (no shield)
rPois  .         Spirit   +     (no helmet)
rElec  .         Reflect  .     d - +0 cloak
rCorr  .         Harm     .     (no gloves)
MR     .....                    (no boots)
Stlth  +++.......               (no amulet)
                                (no ring)
                                (no ring)

@: no status effects
A: fangs 2, regeneration 1, magic shield, antimagic bite, no device heal 3, rot
immunity
a: no special abilities


You were on level 3 of the Dungeon.
You were not hungry.

You visited 1 branch of the dungeon, and saw 3 of its levels.

You collected 157 gold pieces.

Inventory:

Hand Weapons
 a - a +2 dagger
 b - a +0 blowgun (weapon)
 h - a +2 dagger of venom
Missiles
 e - 10 poisoned needles (quivered)
 f - a curare-tipped needle
Armour
 c - a +0 robe (worn)
 d - a +0 cloak (worn)
Scrolls
 i - a scroll of remove curse
 l - 3 scrolls of teleportation
 q - a scroll of enchant armour {unknown}
Potions
 j - a potion of lignification {unknown}
 k - a potion of might {unknown}
 n - a potion of heal wounds {unknown}
 o - 2 potions of curing
 p - a potion of flight {unknown}
 r - a potion of agility {unknown}
Comestibles
 g - 3 bread rations
 m - a meat ration


   Skills:
 + Level 2.0 Fighting
 + Level 2.2 Short Blades
 + Level 2.0 Throwing
 + Level 1.2 Dodging
 + Level 6.7 Stealth


You had 3 spell levels left.
You didn't know any spells.

Dungeon Overview and Level Annotations

Branches:
Dungeon (3/15)

Altars:
Elyvilon
Fedhas
Trog
Vehumet
Zin
The Shining One


Innate Abilities, Weirdness & Mutations

You have extremely sharp teeth.
Your natural rate of healing is unusually fast.
When hurt, damage is shared between your health and your magic reserves.
Your bite disrupts and absorbs the magic of your enemies.
Potions and wands cannot restore your health.
You are immune to rotting.


Message History

Firing (i - inventory. (,) - cycle):
e - 12 poisoned needles (quivered)
Press: ? - help, Shift-Dir - straight line, f/p - orc priest
Aim: an orc priest, wielding a short sword and wearing a ring mail (moderately wounded)
You shoot a poisoned needle.
The poisoned needle closely misses the orc priest.
The orc priest begins to cast a cantrip, but forgets the words!
Firing (i - inventory. (,) - cycle):
e - 11 poisoned needles (quivered)
Press: ? - help, Shift-Dir - straight line, f/p - orc priest
Aim: an orc priest, wielding a short sword and wearing a ring mail (moderately wounded)
You shoot a poisoned needle.
The poisoned needle closely misses the orc priest.
The orc priest calls down the wrath of Beogh upon you.
Beogh smites you!
Ouch! That really hurt!
The orc priest mumbles some strange prayers to Beogh against you.
Pain shoots through your body!
* * * LOW HITPOINT WARNING * * *
The orc priest invokes the aid of Beogh against you.
Beogh smites you!
You die...

...<.# #.........#
...<#######.........#
.......†...#####'#####
.##.######.# #......#
.##.# #.# #......#
..... ..# #......#
###.## #.# #......#
#.#.# ### #......#
#.#.# ##@##### ).#.#
#.# #.#.# #.# #.#.###
#.# ########## ..>...#
#.# #...o...o( #.#.#.#
#.# #.########
#.#.#.##########o# #.#
#(#............#.# #.#
....#.########.#.# #.#


You could see an orc priest.

Vanquished Creatures
  An orc priest (D:3)
  2 adders
  A worm (D:2)
  A dart slug (D:1)
  An orc (D:3)
  2 giant cockroaches
  10 goblins
  3 hobgoblins
  4 jackals (D:1)
  4 kobolds
  A quokka (D:2)
  A ball python (D:1)
  6 bats
  5 frilled lizards
  7 rats
49 creatures vanquished.

Notes
Turn   | Place    | Note
-------+----------+-------------------------------------------
     0 | D:1      | Kosschaser the Vine Stalker Assassin began the quest for the Orb.
     0 | D:1      | Reached XP level 1. HP: 11/11 MP: 2/2
    89 | D:1      | Reached skill level 5 in Stealth
   210 | D:1      | Reached XP level 2. HP: 9/15 MP: 1/3
   710 | D:1      | Reached XP level 3. HP: 17/18 MP: 4/4
   975 | D:2      | Reached skill level 6 in Stealth
  1049 | D:2      | Found a white marble altar of Elyvilon.
  1080 | D:2      | Reached skill level 1 in Dodging
  1747 | D:3      | Gained mutation: Your natural rate of healing is unusually fast. [Vine Stalker growth]
  1747 | D:3      | Reached XP level 4. HP: 16/23 MP: 2/5
  1875 | D:3      | Found a blossoming altar of Fedhas.
  1875 | D:3      | Found a glowing silver altar of Zin.
  1875 | D:3      | Found a radiant altar of Vehumet.
  1875 | D:3      | Found a bloodstained altar of Trog.
  1877 | D:3      | Found a glowing golden altar of the Shining One.
  2054 | D:3      | Killed from afar by an orc priest

Skill      XL: |  1  2  3  4 |
---------------+-------------+-----
Stealth        | 5 6 |  6.7
Dodging        | 1 |  1.2
Short Blades   | 2 |  2.2
Fighting       | 2 |  2.0
Throwing       | 2 |  2.0

Action                   |  1- 3 |  4- 6 || total
-------------------------+-------+-------++-------
Melee: Dagger            |    81 |    13 ||    94
       Bite              |    11 |     2 ||    13
       Blowgun           |     4 |       ||     4
 Fire: Blowgun           |     7 |    12 ||    19
  Use: Scroll            |     4 |       ||     4
 Stab: Sleeping          |    15 |     2 ||    17
       Distracted        |     1 |       ||     1
  Eat: Bread ration      |     1 |       ||     1
Armor: Robe              |    17 |     5 ||    22
Dodge: Dodged            |    46 |     4 ||    50
